 Dungeon Crawl Stone Soup version 0.17.1-3-g152610e (webtiles) character file.

975 Alarkh the Chopper (level 7, 0/50 HPs)
             Began as a Mummy Skald on Apr 17, 2016.
             Slain by a gnoll
             ... wielding a +0 spear
              (6 damage)
             ... on level 5 of the Dungeon.
             The game lasted 00:11:00 (6366 turns).

Alarkh the Chopper (Mummy Skald)                    Turns: 6366, Time: 00:11:01

Health: 0/50       AC:  4    Str: 15    XL:     7   Next: 95%
Magic:  5/10       EV: 11    Int: 13    God:
Gold:   187        SH:  0    Dex: 12    Spells: 4 memorised, 2 levels left

rFire  x . .     SeeInvis .     q - +4 hand axe
rCold  + + .     Clarity  .     l - +2 robe {rC+}
rNeg   + + +     SustAt   .     (no shield)
rPois  ∞         Gourm    .     (no helmet)
rElec  .         Spirit   .     (no cloak)
rCorr  .         Warding  .     (no gloves)
rMut   .         Stasis   .     (no boots)
MR     .....                    o - amulet of faith
Stlth  +.........               (no ring)
                                (no ring)

@: infused (expiring), not resistant to hostile enchantments, very unstealthy
A: no food or potions, fire vulnerability, cold resistance 1, negative energy
resistance 3, torment resistance, unbreathing
a: no special abilities


You were on level 5 of the Dungeon.
You were not hungry.

You visited 1 branch of the dungeon, and saw 5 of its levels.

You collected 187 gold pieces.

Inventory:

Hand Weapons
 a - a +0 hand axe
 g - a +2 dagger of protection
 q - a +4 hand axe (weapon)
Armour
 b - a +1 leather armour
 l - a +2 robe of cold resistance (worn)
Jewellery
 o - an amulet of faith (around neck)
Wands
 r - a wand of lightning (8)
Scrolls
 d - 2 scrolls of noise
 e - 3 scrolls of recharging
 f - 2 scrolls of remove curse
 h - a scroll of magic mapping
 i - 2 scrolls of fog
 j - a scroll of teleportation
Books
 c - a book of Battle

   Spells                             Type                      Level
   a - Infusion                       Charms                       1
   b - Shroud of Golubria             Charms/Translocation         2
   c - Song of Slaying                Charms                       2
   d - Spectral Weapon                Hexes/Charms                 3
   e - Regeneration                   Charms/Necromancy            3
 p - a book of Annihilations

   Spells                             Type                      Level
   a - Poison Arrow                   Conjuration/Poison           6
   b - Chain Lightning                Conjuration/Air              8
   c - Lehudib's Crystal Spear        Conjuration/Earth            8
   d - Glaciate                       Conjuration/Ice              9
   e - Fire Storm                     Conjuration/Fire             9


   Skills:
 - Level 2.0 Fighting
 + Level 7.8 Axes
 - Level 0.7 Armour
 - Level 0.7 Dodging
 - Level 2.0 Spellcasting
 - Level 2.4 Charms


You had 2 spell levels left.
You knew the following spells:

 Your Spells              Type           Power        Failure   Level  Hunger
a - Infusion              Chrm           #.....       12%         1    N/A
b - Song of Slaying       Chrm           #.......     17%         2    N/A
c - Spectral Weapon       Hex/Chrm       #.......     52%         3    N/A
e - Shroud of Golubria    Chrm/Tloc      #.........   24%         2    N/A

Dungeon Overview and Level Annotations

Branches:
Dungeon (5/15)
 Temple: D:4-7

Altars:
Ashenzari
Cheibriados
Dithmenos
Makhleb
Ru


Innate Abilities, Weirdness & Mutations

You do not eat or drink.
Your flesh is vulnerable to fire.
You are immune to poison.
Your flesh is cold resistant.
You are immune to negative energy.
You are immune to unholy pain and torment.
You can survive without breathing.


Message History

The scorpion stings you!
You hit the scorpion.
The scorpion is moderately wounded.
The gnoll hits you but does no damage.
The scorpion stings you but does no damage.
You hit the scorpion!
The scorpion is severely wounded.
The gnoll barely misses you. The scorpion stings you.
You are too injured to fight recklessly!
You are too injured to fight recklessly!
You closely miss the scorpion.
The scorpion is severely wounded.
The gnoll barely misses you. The scorpion barely misses you.
You slash the scorpion!
You kill the scorpion!
The gnoll hits you from afar with a spear.
The gnoll hits you with a spear!
* * * LOW HITPOINT WARNING * * *
The gnoll hits you from afar with a spear.
You die...

### ... #.# #.# #.# #.#
########.######
#.....@><.....#
#.###g##..###.# #.#
#g##..#
###########.###.##.<#
... .........)......#
.######.###.###.#...#
....###.# #.# #.#...#
........# #.###.#...#
.##.#######.........###.


You could see 2 gnolls.

Vanquished Creatures
  A phantom (D:4)
  An ogre (D:5)
  5 scorpions
  2 crimson imps
  An orc wizard (D:4)
  A jelly (D:5)
  An orc priest (D:4)
  Jessica (D:3)
  4 worker ants (D:4)
  An iguana (D:5)
  A hound skeleton (D:4)
  7 gnolls
  8 adders
  A shadow imp (D:5)
  2 worms
  7 giant geckos
  6 orcs (D:4)
  A ball python (D:3)
  10 bats
  13 goblins
  6 hobgoblins
  14 jackals
  4 giant cockroaches
  3 giant newts
  12 kobolds
  11 rats
  A fungus (D:2)
125 creatures vanquished.

Vanquished Creatures (others)
  A fungus (D:2)
1 creature vanquished.

Grand Total: 126 creatures vanquished

Notes
Turn   | Place    | Note
--------------------------------------------------------------
     0 | D:1      | Alarkh the Mummy Skald began the quest for the Orb.
     0 | D:1      | Reached XP level 1. HP: 16/16 MP: 3/3
   289 | D:1      | Reached XP level 2. HP: 17/22 MP: 0/5
   859 | D:1      | Reached XP level 3. HP: 20/27 MP: 2/6
   979 | D:2      | Reached skill level 3 in Axes
  1626 | D:2      | Learned a level 2 spell: Song of Slaying
  1629 | D:2      | Learned a level 2 spell: Shroud of Golubria
  1643 | D:2      | Found a shattered altar of Ashenzari.
  1681 | D:2      | Reached XP level 4. HP: 15/33 MP: 1/7
  1904 | D:2      | Found a burning altar of Makhleb.
  1904 | D:2      | Noticed a crimson imp
  1995 | D:2      | Killed a crimson imp
  1995 | D:2      | Reached skill level 4 in Axes
  2245 | D:2      | Found a sacrificial altar of Ru.
  2386 | D:3      | Found a snail-covered altar of Cheibriados.
  2444 | D:3      | Reached XP level 5. HP: 34/38 MP: 3/8
  3041 | D:3      | Found a shadowy altar of Dithmenos.
  3134 | D:3      | Noticed Jessica
  3149 | D:3      | Killed Jessica
  3572 | D:3      | Reached skill level 5 in Axes
  3815 | D:2      | Learned a level 3 spell: Spectral Weapon
  4093 | D:3      | Reached XP level 6. HP: 44/44 MP: 3/9
  4824 | D:4      | Reached skill level 6 in Axes
  5508 | D:4      | Reached XP level 7. HP: 29/50 MP: 0/10
  5708 | D:5      | Entered Level 5 of the Dungeon
  5938 | D:5      | Reached skill level 7 in Axes
  6366 | D:5      | Slain by a gnoll

Action                   |  1- 3 |  4- 6 |  7- 9 || total
-------------------------+-------+-------+-------++-------
Melee: Hand axe          |   144 |   282 |   100 ||   526
       Dagger            |       |     2 |       ||     2
 Cast: Infusion          |    22 |    40 |    11 ||    73
       Shroud of Golubri |       |     5 |     9 ||    14
  Use: Scroll            |     5 |     3 |     4 ||    12
